FIQ, neutral male scurrid Tourist ------------------------- ---- |.......................| ...| |........?........>.....| ....}}.....| ---------......}}}}....?.%......--------- .}}}}.....}}}}.....--------- |}}}.....}}}..}}}}}}..........}}}}.........}}}..}}....}}...}}}}.}}}}}}}}| |}}}....}}.}}}}....}}...}}}..}/..}}}}}..}}}}..........}}....}}}}}}...}}}| |}}}}}}}......(.....}}}}}.}}}.......}}}}}}}..........!.}}.............}}| |}}}}}......rq.......}}..(.........[..}}...}.[.........}}.........!.}}}}| ---------....Z..................--------- --------- |.......)...............| -........}}}}....}}.....- ......}}}.........}}}.?.... ......}}}.............}...}}..}}}} }}}..}}}.}}}}}}.........}}}......}}}}}... }}}..}}}....<...}}}...}}}}............}}}}}..}}}} ------.............?}}}......--------- (...}}}....}}}}} |.....................).| ........(.}}...... |.......................| .......` ....| ------------------------- -------- ----- FIQ the Rambler Experience level: 1 Strength: 9 Dexterity: 12 Constitution: 14 Intelligence: 13 Wisdom: 7 Charisma: 18 Health: 0(9) Energy: 2(2) Def: 0 Gold: 536 Moves: 53 Dungeon seed: Ur4PPZKx6Szopjj4 Game ID: FIQ_1498600931 Your Inventory: Coins $ - 536 gold pieces Weapons a - 48 uncursed +2 darts (in quiver) Armor e - an uncursed +0 Hawaiian shirt (being worn) Comestibles b - an uncursed carrot c - 7 uncursed food rations d - an uncursed tin of lichen f - 2 uncursed apples g - an uncursed pancake Scrolls i - 4 uncursed scrolls of magic mapping p - an uncursed scroll of light Potions h - 2 uncursed potions of extra healing o - an uncursed potion of fruit juice Wands l - an uncursed wand of secret door detection (0:11) Tools j - an uncursed expensive camera (0:71) k - an uncursed credit card m - an uncursed oil lamp (0:1292) Spells and supernatural/magical abilities: Name Level Category Fail Memory W - pray for help -- divine ? -- Your skills at the end: Miscellaneous Skills wands [Basic] Weapon Skills dart [Basic] Spellcasting Skills Final Attributes: You were devoutly aligned. You had infravision. You were very stealthy. You are dead. Voluntary challenges: You went without food. You did not adorn yourself with jewelry or accessories. You did not cause conflict. You were not invisible. You did not have reflection. You were not displaced. You were an atheist. You never hit with a wielded weapon. You were a pacifist. You did not use tools. You did not use plumbed fixtures. You did not drink any magical draughts. You were illiterate. You never genocided any monsters. You never polymorphed an object. You never changed form. You used no wishes. You never split a pudding. You never wrote Elbereth's name. You never violated your personal moral code. Dungeon overview: The Dungeons of Doom: levels 1 to 13 Level 1 a long staircase Level 2 Level 3 Level 4 Level 5 a sink Level 6 Level 7 Level 8 Level 9 Level 10 Level 11 Level 12 Level 13 <- You were here History has recorded: On T:1 you entered the Dungeons of Doom to retrieve the Amulet of Yendor! On T:25 you reached level 2 of The Dungeons of Doom. On T:28 you reached level 3 of The Dungeons of Doom. On T:30 you reached level 4 of The Dungeons of Doom. On T:32 you reached level 5 of The Dungeons of Doom. On T:34 you reached level 6 of The Dungeons of Doom. On T:37 you reached level 7 of The Dungeons of Doom. On T:39 you reached level 8 of The Dungeons of Doom. On T:41 you reached level 9 of The Dungeons of Doom. On T:43 you reached level 10 of The Dungeons of Doom. On T:47 you reached level 11 of The Dungeons of Doom. On T:49 you reached level 12 of The Dungeons of Doom. On T:52 you reached level 13 of The Dungeons of Doom. Score breakdown: Gold: 0 ( 0 points) Experience: 1 level ( 0 points) Exploration: 13 levels ( 360 points) Discoveries: 2 items ( 100 points) Variety of kills: 0 monsters ( 0 points) Major goal: (nothing yet) ( 0 points) Survival: died (score multiplied by 3) Total score: 1380 Latest messages: That command is only available in debug mode. You have no weapon equipped. You start digging downward. You continue digging downward. You dig a pit in the floor. You continue digging downward. You dig a hole through the floor. You fall through... You start digging downward. You continue digging downward. You dig a pit in the floor. You continue digging downward. You dig a hole through the floor. You fall through... You start digging downward. You continue digging downward. You dig a pit in the floor. You continue digging downward. You dig a hole through the floor. You fall through... You start digging downward. You continue digging downward. You dig a pit in the floor. The leocrotta claws you! The leocrotta bites! You die... Final status: Aloha FIQ the Tourist, killed by a leocrotta... You died in The Dungeons of Doom on dungeon level 13 with 1380 points, and 536 pieces of gold, after 53 moves. You were level 1 with a maximum of 9 hit points when you died.